 Dungeon Crawl Stone Soup version 0.23.1 (webtiles) character file.

Game seed: 0

41913 KapersCrawl the Spear-Bearer (level 13, -2/107 HPs)
             Began as a Grey Draconian Venom Mage on Feb 28, 2019.
             Was an Elder of Vehumet.
             Slain by a sun demon (17 damage)
             ... on level 13 of the Dungeon on Mar 1, 2019.
             The game lasted 02:09:35 (26781 turns).

KapersCrawl the Spear-Bearer (DrVM)                Turns: 26781, Time: 02:09:36

Health: -2/107     AC: 14    Str: 17    XL:     13   Next: 82%
Magic:  7/25       EV: 16    Int: 19    God:    Vehumet [****..]
Gold:   829        SH:  5    Dex: 12    Spells: 7/28 levels left

rFire    . . .     SeeInvis .   P - +3 demon trident (pain)
rCold    . . .     Gourm    .   E - +0 buckler
rNeg     . . .     Faith    .   (armour unavailable)
rPois    +         Spirit   .   T - +0 hat
rElec    .         Reflect  .   X - +0 cloak
rCorr    .         Harm     .   (no gloves)
MR       .....                  (no boots)
Stlth    ++........             (no amulet)
HPRegen  0.27/turn              s - ring of poison resistance
MPRegen  0.19/turn              l - +5 ring of strength

@: about to teleport, very slightly contaminated, studying Dodging
A: walk through water, unfitting armour, unbreathing, cold-blooded, AC +13
a: Renounce Religion


You were on level 13 of the Dungeon.
You worshipped Vehumet.
Vehumet was greatly pleased with you.
You were very hungry.

You visited 3 branches of the dungeon, and saw 19 of its levels.
You also visited: Ice Cave.

You collected 1405 gold pieces.
You spent 576 gold pieces at shops.

Inventory:

Hand Weapons
 b - a +0 hand axe of chopping
 q - a +4 scimitar of flaming
 w - a +2 dagger of venom
 P - a +3 demon trident of pain (weapon)
Armour
 E - a +0 buckler (worn)
 T - a +0 hat (worn)
 X - a +0 cloak (worn)
Jewellery
 c - a +3 ring of strength
 g - an uncursed ring of see invisible
 j - a cursed ring of protection from cold
 l - a +5 ring of strength (right hand)
 s - a ring of poison resistance (left hand)
 I - a +2 ring of slaying {unknown}
Wands
 x - a wand of polymorph (16)
 D - a wand of random effects (18)
 G - a wand of scattershot (7)
 L - a wand of flame (19)
 U - a wand of iceblast (9)
 V - a wand of digging (9)
Scrolls
 a - 5 scrolls of fog
 d - 3 scrolls of remove curse
 h - 2 scrolls of fear
 k - 7 scrolls of amnesia
 p - 3 scrolls of blinking
 r - 4 scrolls of teleportation
 v - 2 scrolls of enchant armour {unknown}
 y - a scroll of brand weapon {unknown}
 z - 2 scrolls of immolation {unknown}
 C - a scroll of noise {unknown}
 F - 3 scrolls of enchant weapon {unknown}
 H - a scroll of random uselessness {unknown}
 M - a scroll of acquirement {unknown}
 O - a scroll of vulnerability {unknown}
 Q - 6 scrolls of identify
 S - a scroll of silence {unknown}
 W - a scroll of holy word {unknown}
Potions
 f - a potion of brilliance
 i - a potion of haste
 m - 2 potions of resistance
 n - 2 potions of invisibility
 o - 5 potions of mutation
 t - a potion of lignification
 u - 4 potions of curing
 A - a potion of might
 B - 3 potions of flight
 J - a potion of agility
 K - 3 potions of heal wounds
 N - a potion of magic
 R - a potion of ambrosia
Books
 Y - a manual of Dodging
Comestibles
 e - 19 rations


   Skills:
 + Level 7.9 Fighting
 - Level 0.4 Long Blades
 * Level 11.6 Polearms
 - Level 0.3 Throwing
 * Level 8.7 Dodging
 - Level 1.7 Stealth
 - Level 4.2 Shields
 - Level 8.0 Spellcasting
 - Level 9.0 Conjurations
 - Level 4.3 Necromancy
 - Level 3.6 Ice Magic
 - Level 5.6 Air Magic
 - Level 10.0 Poison Magic
 - Level 5.0 Evocations


You had 7 spell levels left.
You knew the following spells:

 Your Spells              Type           Power        Failure   Level  Hunger
a - Shock                 Conj/Air       ####         1%          1    None
b - Poisonous Vapours     Pois/Air       #####.       1%          2    None
c - Throw Icicle          Conj/Ice       ####....     1%          4    ###....
d - Animate Skeleton      Necr           N/A          1%          1    None
e - Mephitic Cloud        Conj/Pois/Air  #####...     1%          3    None
f - Olgreb's Toxic Radia  Pois           #####...     1%          4    ###....
g - Sting                 Conj/Pois      ####         1%          1    None
h - Venom Bolt            Conj/Pois      #####.....   1%          5    #####..

Your spell library contained the following spells:

 Spells                   Type           Power        Failure   Level  Hunger
 Bolt of Cold             Conj/Ice       ####......   26%         6    ######.
 Flame Tongue             Conj/Fire      ###..        1%          1    None
 Throw Flame              Conj/Fire      ###...       1%          2    None
 Conjure Flame            Conj/Fire      ###.....     1%          3    None
 Static Discharge         Conj/Air       #####...     1%          3    None
 Airstrike                Air            ####......   2%          4    ###....
 Spider Form              Tmut/Pois      ####......   3%          3    None
 Lightning Bolt           Conj/Air       #####.....   3%          5    #####..
 Swiftness                Chrm/Air       ###.....     4%          2    None
 Sticky Flame             Conj/Fire      ###.....     4%          4    ###....
 Inner Flame              Hex/Fire       #.......     7%          3    None
 Apportation              Tloc           #.....       9%          1    None
 Beastly Appendage        Tmut           #.....       9%          1    None
 Confusing Touch          Hex            #.....       9%          1    None
 Summon Small Mammal      Summ           #...         9%          1    None
 Fireball                 Conj/Fire      ###.......   11%         5    #####..
 Iskenderun's Battlesphe  Conj/Chrm      ###.....     11%         5    #####..
 Sticks to Snakes         Tmut           #.......     14%         2    None
 Bolt of Magma            Conj/Fire/Erth ###.......   19%         5    #####..
 Confuse                  Hex            #.......     26%         3    None
 Gell's Gravitas          Tloc           #.........   26%         3    None
 Ice Form                 Ice/Tmut       ##......     38%         4    ###....
 Orb of Destruction       Conj           #####.....   41%         7    #######
 Iron Shot                Conj/Erth      ###.......   45%         6    ######.
 Yara's Violent Unravell  Hex/Tmut       #.........   50%         5    #####..
 Petrify                  Tmut/Erth      #.......     65%         4    ###....
 Metabolic Englaciation   Hex/Ice        ##........   75%         5    #####..
 Blade Hands              Tmut           #.........   94%         5    #####..
 Spellforged Servitor     Conj/Summ      ###.......   94%         7    #######


Dungeon Overview and Level Annotations

Branches:
Dungeon (13/15)            Temple (1/1) D:6            Lair (5/6) D:11
  Swamp (0/4) Lair:4        Snake (0/4) Lair:4          Orc (0/2) D:10
  Slime: Lair:5-6    Vaults: D:13-14

Altars:
Ashenzari
Cheibriados
Dithmenos
Elyvilon
Fedhas
Gozag
Hepliaklqana
Makhleb
Nemelex Xobeh
Okawaru
Qazlal
Ru
Sif Muna
Trog
Uskayaw
Vehumet
Wu Jian
Xom
Yredelemnul
Zin
The Shining One

Shops:
D:6 *   D:8 (

Annotations:
D:5 Grinder
D:6 2 runed translucent doors, tjackatt's ghost, novice VSFi
Lair:4 3 runed translucent doors, 1 exclusion, DildoBatman's ghost, journeyman OpWz; Nessos


Innate Abilities, Weirdness & Mutations

You can walk through water.
Your dull iron-grey scales are very hard. (AC +13)
You cannot fit into any form of body armour.
You can survive without breathing.
You are cold-blooded and may be slowed by cold attacks.


Message History

Unknown command.
You puncture the sun demon!
The sun demon is heavily wounded.
The sun demon hits you!
You are engulfed in flames!
* * * LOW HITPOINT WARNING * * *
The crimson imp blinks!
The crimson imp misses you.
Unknown command.
Unknown command.
As you read the scroll of teleportation, it crumbles to dust.
You feel strangely unstable. The sun demon barely misses you.
You block the crimson imp's attack.
The crimson imp blinks!
Unknown command.
The crimson imp blinks!
Unknown command.
A white imp comes into view.
The crimson imp blinks!
The sun demon hits you!
* * * LOW HITPOINT WARNING * * *
You are engulfed in flames!
You die...

... .... .... ####.....
....####........
................
................
.......#....... ##
#.........# #### ..5#
#..@..###....$
≈≈...##.53##...≈≈≈?
≈≈≈.....5..55.≈≈§≈≈
...##...##§..≈≈≈$
.5###.....###....$ #..
####.........#######...
. ...............
.......
#.##...#........#
....... .....#.........
.......


You could see a sun demon, 3 crimson imps and a white imp.

Vanquished Creatures
  Gastronok (D:10)
  4 hydras
  Erica (D:8)
  2 two-headed ogres
  A tengu warrior (D:13)
  Sonja (Lair:4)
  3 unseen horrors
  2 cyclopes (D:11)
  An ugly thing (D:12)
  A black mamba (Lair:3)
  7 spiny frogs
  7 komodo dragons
  A tengu conjurer (D:13)
  5 trolls
  9 polar bears
  10 blink frogs
  3 hippogriffs
  2 water elementals (D:11)
  54 yaks
  2 shadows (D:11)
  A wraith (D:10)
  A basilisk (Lair:2)
  A human (D:10)
  4 hogs (D:10)
  8 water moccasins
  6 porcupines
  A black bear (D:11)
  4 orc warriors
  7 ice beasts
  4 sky beasts
  15 wolves
  7 ogres
  7 centaurs
  2 big kobolds (D:10)
  8 crocodiles
  16 bullfrogs
  4 scorpions
  8 killer bees
  7 howler monkeys
  An electric eel (D:11)
  5 crimson imps
  3 bullfrog zombies
  A centaur zombie (D:10)
  11 orc wizards
  13 hounds
  5 jellies
  7 orc priests
  3 centaur skeletons
  A bullfrog skeleton (D:9)
  2 gnoll shamans
  4 iguanas
  Ijyb (D:4)
  3 hell rats (Lair:2)
  7 worker ants
  A hound skeleton (D:10)
  2 howler monkey zombies
  4 worker ant zombies
  18 adders
  11 gnolls
  A howler monkey skeleton (D:8)
  2 shadow imps
  An ooze (D:1)
  An adder skeleton (D:4)
  2 worms (D:3)
  4 dart slugs
  6 leopard geckos
  61 orcs
  7 bats
  2 giant cockroaches
  7 goblins
  6 hobgoblins
  11 jackals
  12 kobolds
  4 quokkas
  A ball python (D:4)
  A ball python skeleton (D:4)
  4 frilled lizards
  A jackal skeleton (D:7)
  A leopard gecko zombie (D:6)
  A quokka skeleton (D:4)
  6 rats
  A plant (Lair:3)
474 creatures vanquished.

Vanquished Creatures (collateral kills)
  A hydra (Lair:4)
  A two-headed ogre (D:11)
  A black mamba (Lair:5)
  3 komodo dragons
  A polar bear (Lair:2)
  3 blink frogs
  4 yaks
  A water moccasin (Lair:2)
  An orc warrior (D:9)
  An ice beast (D:9)
  2 wolves (IceCv)
  An ogre (D:11)
  2 crocodiles (Lair:1)
  A bullfrog (D:11)
  An orc priest (D:12)
  2 hell rats (Lair:2)
  A worker ant zombie (D:11)
  2 adders (Lair:3)
  2 orcs
  4 fungi
  A plant (Lair:3)
36 creatures vanquished.

Vanquished Creatures (others)
  A human (D:13)
  9 fungi
  14 plants
  5 toadstools (D:1)
29 creatures vanquished.

Grand Total: 539 creatures vanquished

Notes
Turn   | Place    | Note
-------+----------+-------------------------------------------
     0 | D:1      | KapersCrawl the Draconian Venom Mage began the quest for
                  | the Orb.
     0 | D:1      | Reached XP level 1. HP: 14/14 MP: 3/3
   456 | D:1      | Reached XP level 2. HP: 20/20 MP: 3/5
   460 | D:1      | Learned a level 2 spell: Poisonous Vapours
   897 | D:1      | Reached XP level 3. HP: 26/26 MP: 4/6
  1746 | D:2      | Reached skill level 1 in Air Magic
  2381 | D:3      | Reached XP level 4. HP: 33/33 MP: 2/8
  3128 | D:3      | Reached XP level 5. HP: 37/38 MP: 5/9
  3166 | D:3      | Found an opulent altar of Gozag.
  3885 | D:4      | Noticed Ijyb
  3890 | D:4      | Killed Ijyb
  3890 | D:4      | Reached XP level 6. HP: 46/46 MP: 1/10
  3893 | D:4      | Noticed a sky beast
  4026 | D:4      | Learned a level 3 spell: Mephitic Cloud
  4103 | D:4      | Found an iron altar of Okawaru.
  4143 | D:4      | Reached skill level 5 in Poison Magic
  4334 | D:4      | Found a shattered altar of Ashenzari.
  4792 | D:4      | Your scales start taking on a dull iron-grey colour.
  4792 | D:4      | Reached XP level 7. HP: 51/51 MP: 6/11
  4792 | D:4      | Gained mutation: You can survive without breathing. [Grey
                  | Draconian growth]
  5330 | D:5      | Entered Level 5 of the Dungeon
  5447 | D:5      | Reached skill level 1 in Fighting
  5454 | D:5      | Noticed Grinder
  6419 | D:5      | Reached XP level 8. HP: 59/59 MP: 3/12
  7175 | D:6      | Found Toreid's Assorted Antiques.
  7285 | D:6      | Found a large runed translucent door.
  7286 | D:6      | Found a large runed translucent door.
  7289 | D:6      | Noticed tjackatt's ghost (novice VSFi)
  7787 | D:6      | Found a staircase to the Ecumenical Temple.
  7791 | Temple   | Entered the Ecumenical Temple
  7822 | Temple   | Became a worshipper of Vehumet
  7828 | Temple   | Learned a level 4 spell: Olgreb's Toxic Radiance
  8313 | D:6      | Reached skill level 5 in Conjurations
  9283 | D:7      | Reached * piety under Vehumet
  9283 | D:7      | Offered knowledge of Shock by Vehumet.
  9287 | D:7      | Learned a level 1 spell: Shock
  9630 | D:7      | Reached XP level 9. HP: 68/68 MP: 6/13
  9839 | D:7      | Found a hazy altar of Hepliaklqana.
  9845 | D:7      | Found a glowing golden altar of the Shining One.
  9849 | D:7      | Found a white marble altar of Elyvilon.
 10206 | D:8      | Found Wiememo's Antique Weapon Boutique.
 10352 | D:8      | Reached skill level 1 in Shields
 10681 | D:8      | Offered knowledge of Sandblast by Vehumet.
 10812 | D:8      | Noticed Erica
 10849 | D:8      | Killed Erica
 10849 | D:8      | Reached skill level 5 in Air Magic
 11000 | D:8      | Learned a level 1 spell: Animate Skeleton
 11088 | D:8      | Noticed a troll
 11096 | D:8      | Killed a troll
 11304 | D:9      | Reached ** piety under Vehumet
 11340 | D:9      | Reached skill level 1 in Necromancy
 11387 | D:9      | Reached XP level 10. HP: 71/75 MP: 9/16
 11981 | D:9      | Found a blossoming altar of Fedhas.
 11989 | D:9      | Found a stormy altar of Qazlal.
 12354 | D:10     | Entered Level 10 of the Dungeon
 12900 | D:10     | Noticed Gastronok
 13020 | D:10     | Offered knowledge of Static Discharge by Vehumet.
 13028 | D:10     | Reached skill level 5 in Spellcasting
 13342 | D:10     | Reached *** piety under Vehumet
 13680 | D:10     | Reached skill level 10 in Poison Magic
 13684 | D:10     | Offered knowledge of Throw Icicle by Vehumet.
 13904 | D:10     | Killed Gastronok
 13904 | D:10     | Reached XP level 11. HP: 67/81 MP: 8/21
 14052 | D:10     | Found a staircase to the Orcish Mines.
 14387 | D:11     | Noticed a two-headed ogre
 14883 | D:11     | Killed a two-headed ogre
 15022 | D:11     | Found a staircase to the Lair.
 15475 | D:11     | Learned a level 4 spell: Throw Icicle
 15531 | D:11     | Found a snail-covered altar of Cheibriados.
 15681 | D:11     | Reached skill level 1 in Ice Magic
 15770 | D:11     | Reached **** piety under Vehumet
 15946 | D:8      | Bought a glowing demon trident for 576 gold pieces
 16019 | Lair:1   | Entered Level 1 of the Lair of Beasts
 16019 | Lair:1   | Found a frozen archway.
 16374 | IceCv    | Entered an ice cave
 16439 | IceCv    | Reached skill level 1 in Polearms
 16647 | IceCv    | Reached skill level 2 in Polearms
 16670 | IceCv    | Offered knowledge of Force Lance by Vehumet.
 16952 | IceCv    | Reached skill level 3 in Polearms
 17301 | IceCv    | Reached skill level 4 in Polearms
 17316 | IceCv    | Reached XP level 12. HP: 68/93 MP: 14/24
 17445 | IceCv    | Reached skill level 5 in Fighting
 17445 | IceCv    | Reached skill level 5 in Polearms
 18347 | Lair:1   | Reached skill level 6 in Polearms
 18491 | Lair:1   | Learned a level 5 spell: Venom Bolt
 18606 | Lair:1   | Reached skill level 7 in Polearms
 18911 | Lair:1   | Reached skill level 8 in Polearms
 19303 | Lair:2   | Reached ***** piety under Vehumet
 19423 | Lair:2   | Reached skill level 9 in Polearms
 19478 | Lair:2   | Offered knowledge of Bolt of Cold by Vehumet.
 19944 | Lair:2   | You fall through a shaft!
 20407 | Lair:3   | Reached skill level 1 in Evocations
 20430 | Lair:3   | Reached skill level 10 in Polearms
 21230 | Lair:3   | Noticed a four-headed hydra
 21246 | Lair:3   | Killed a four-headed hydra
 21246 | Lair:3   | Reached XP level 13. HP: 103/103 MP: 1/25
 22066 | Lair:4   | Noticed Nessos
 22139 | Lair:4   | Noticed Sonja
 22149 | Lair:4   | Found a staircase to the Swamp.
 22157 | Lair:4   | Killed Sonja
 22362 | Lair:4   | Found a staircase to the Snake Pit.
 22458 | Lair:4   | Reached skill level 5 in Dodging
 22829 | Lair:4   | Found a runed translucent gate.
 22829 | Lair:4   | Found a runed translucent gate.
 22829 | Lair:4   | Found a runed translucent gate.
 22844 | Lair:4   | Noticed DildoBatman's ghost (journeyman OpWz)
 25084 | D:11     | Reached skill level 11 in Polearms
 25351 | D:11     | Reached skill level 5 in Evocations
 26370 | D:12     | Found a burning altar of Makhleb.
 26370 | D:12     | Noticed an Executioner
 26669 | D:12     | Upgraded the game from 0.23.0-42-geed6394480 to 0.23.1
 26781 | D:13     | Slain by a sun demon

Skill      XL: |  1  2  3  4  5  6  7  8  9 10 11 12 13 |
---------------+----------------------------------------+-----
Air Magic      | 1 2 2 3 4 5 |  5.6
Poison Magic   | 4 5 6 8 9 10 | 10.0
Spellcasting   | 3 4 7 8 |  8.0
Conjurations   | 2 3 4 5 6 9 |  9.0
Fighting       | 1 2 4 6 7 |  7.9
Shields        | 4 |  4.2
Necromancy     | 1 4 |  4.3
Ice Magic      | 3 |  3.6
Polearms       | 4 10 11 | 11.6
Dodging        | 4 8 |  8.7
Evocations     | 2 5 |  5.0
Long Blades    | |  0.4
Throwing       | |  0.3
Stealth        | |  1.7

Action                   |  1- 3 |  4- 6 |  7- 9 | 10-12 | 13-15 || total
-------------------------+-------+-------+-------+-------+-------++-------
Melee: Dagger            |    26 |    35 |    96 |       |       ||   157
       Tailslap          |     2 |     1 |    24 |    39 |    13 ||    79
       Hand axe          |       |       |    50 |       |       ||    50
       Scimitar          |       |       |     2 |   100 |       ||   102
       Demon trident     |       |       |       |   271 |   224 ||   495
Throw: Stone             |       |    13 |    18 |    26 |     1 ||    58
 Cast: Sting             |    56 |    85 |   187 |    99 |       ||   427
       Poisonous Vapours |     3 |    25 |    66 |    60 |    19 ||   173
       Mephitic Cloud    |       |       |     6 |    10 |       ||    16
       Shock             |       |       |    34 |   122 |    24 ||   180
       Olgreb's Toxic Ra |       |       |     3 |    35 |    14 ||    52
       Animate Skeleton  |       |       |       |    59 |    32 ||    91
       Throw Icicle      |       |       |       |    79 |    54 ||   133
       Venom Bolt        |       |       |       |     1 |     1 ||     2
Evoke: Wand              |       |       |     2 |     2 |     2 ||     6
  Use: Scroll            |     5 |       |     2 |    16 |     3 ||    26
 Stab: Sleeping          |     2 |     1 |       |     2 |     3 ||     8
       Distracted        |       |     1 |       |     2 |       ||     3
       Confused          |       |       |       |     3 |       ||     3
  Eat: Chunk             |     5 |     9 |    20 |    27 |    14 ||    75
       Ration            |       |       |     1 |     5 |     3 ||     9
Armor: Skin              |    13 |    13 |    88 |   126 |    36 ||   276
Dodge: Dodged            |    24 |    28 |   149 |   221 |    86 ||   508
Block: Buckler           |       |       |       |    54 |    25 ||    79
       Rpst.: Scimitar   |       |       |     2 |    28 |       ||    30
